 Dungeon Crawl Stone Soup version 0.21.1-1-g345015f (webtiles) character file.

1502 Mirai the Cleaver (level 8, -5/71 HPs)
             Began as a Hill Orc Fighter on Mar 4, 2018.
             Slain by a sky beast (6 damage)
             ... on level 6 of the Dungeon.
             The game lasted 00:14:13 (5318 turns).

Mirai the Cleaver (Hill Orc Fighter)                Turns: 5318, Time: 00:14:14

Health: -5/71      AC:  5    Str: 19    XL:     8   Next: 82%
Magic:  8/8        EV: 11    Int:  8    God:
Gold:   248        SH:  5    Dex: 12    Spells: 7/7 levels left

rFire    . . .     SeeInvis .   a - +1 war axe
rCold    . . .     Gourm    .   r - +0 buckler
rNeg     . . .     Faith    .   A - +0 robe (curse)
rPois    .         Spirit   .   g - +0 helmet
rElec    .         Reflect  .   p - +0 cloak
rCorr    .         Harm     +   (no gloves)
MR       +....                  (no boots)
Stlth    +.........             J - amulet of harm
HPRegen  0.21/turn              i - ring of protection from magic
MPRegen  0.11/turn              (no ring)

@: no status effects
A: no striking features
a: no special abilities


You were on level 6 of the Dungeon.
You were not hungry.

You visited 1 branch of the dungeon, and saw 6 of its levels.

You collected 248 gold pieces.

Inventory:

Hand Weapons
 a - a +1 war axe (weapon)
 n - a +0 battleaxe
 o - a +3 morningstar
 q - a +0 hand axe
 w - a +0 war axe
Armour
 b - a cursed +0 plate armour
 c - a +1 shield
 e - a +0 chain mail
 g - a +0 helmet (worn)
 p - a +0 cloak (worn)
 r - a +0 buckler (worn)
 v - a +0 robe
 y - a +0 leather armour
 A - a cursed +0 robe (worn)
 C - a +0 leather armour
 D - a +0 leather armour
 E - a +0 ring mail
 F - a +1 scale mail of poison resistance
 I - a +0 leather armour
 K - a +0 robe
 L - a +0 scale mail
 M - a +0 chain mail
 N - a +0 ring mail
Jewellery
 i - a ring of protection from magic (left hand)
 J - an amulet of harm (around neck)
Wands
 H - a wand of clouds (3)
Scrolls
 h - 5 scrolls of teleportation
 k - 12 scrolls of identify
 s - a scroll of fog
 O - a scroll of enchant armour
Potions
 j - 2 potions of curing
 l - 4 potions of heal wounds {unknown}
 u - 2 potions of magic {unknown}
 x - a potion of degeneration {unknown}
 z - a potion of ambrosia {unknown}
Comestibles
 d - 9 chunks of flesh
 f - 6 rations


   Skills:
 + Level 6.7 Fighting
 + Level 10.4 Axes
 + Level 5.6 Armour
 + Level 5.2 Shields


You had 7 spell levels left.
You didn't know any spells.

Dungeon Overview and Level Annotations

Branches:
Dungeon (6/15)
 Temple: D:4-7

Altars:
Hepliaklqana
Nemelex Xobeh
Sif Muna
The Shining One


Message History

Reactivating autopickup.
The sky beast hits you but does no damage.
You miss the sky beast.
The sky beast is lightly wounded.
The sky beast hits you.
* * * LOW HITPOINT WARNING * * *
The sky beast shocks you.
* * * LOW HITPOINT WARNING * * *
Okay, then.
Okay, then.
Sorry, you're not good enough to have a special ability.
Unknown command.
Evoke which item? (* to show all) (? for menu, Esc to quit)
Aiming: Cloud Cone
Press: ? - help, Dir - move target cursor, f - sky beast
Aim: a sky beast (rain, lightly wounded)
You create a blast of noxious fumes!
The sky beast hits you.
* * * LOW HITPOINT WARNING * * *
The sky beast shocks you.
You die...

#.#...........#
##.....#
#............#
#......#
#?..........#
##.......
##..........
#.#......
#.........
##.##...#.
#.......#
#.#######.
#......## ##.#
#. #...##.≈##
##.## #^. #.
##@Y####..#
##.. ##.§##..##
##... ##.....#
##.... #...|##
#..... .#
##....# ##.....
..# ##..#.##
#...... ...#
##..##.#
#..>... #..##
#..###.##
##......
#...###.## #<.#
#.......


You could see a sky beast.

Vanquished Creatures
  Eustachio (D:4)
  A water moccasin (D:6)
  2 sky beasts
  A phantom (D:4)
  2 centaurs (D:6)
  4 wights (D:5)
  A howler monkey (D:5)
  A bullfrog zombie (D:6)
  2 crimson imps
  A quasit (D:6)
  2 orc priests
  A hound (D:4)
  3 orc wizards
  Terence (D:3)
  Jessica (D:3)
  2 iguanas
  Ijyb (D:5)
  2 worker ants
  5 adders
  A shadow imp (D:6)
  An ooze (D:1)
  A dart slug (D:3)
  2 leopard geckos
  22 orcs
  2 ball pythons (D:2)
  6 bats
  5 giant cockroaches
  5 goblins
  5 hobgoblins
  12 jackals
  5 kobolds
  A quokka (D:3)
  4 frilled lizards
  2 goblin skeletons (D:6)
  A goblin zombie (D:6)
  5 hobgoblin zombies (D:6)
  A kobold zombie (D:6)
  A leopard gecko zombie (D:5)
  2 orc skeletons (D:6)
  2 orc zombies (D:6)
  A quokka zombie (D:6)
  2 rats
123 creatures vanquished.

Notes
Turn   | Place    | Note
-------+----------+-------------------------------------------
     0 | D:1      | Mirai the Hill Orc Fighter began the quest for the Orb.
     0 | D:1      | Reached XP level 1. HP: 19/19 MP: 1/1
    17 | D:1      | Reached XP level 2. HP: 20/27 MP: 2/2
   160 | D:1      | Reached skill level 3 in Axes
   476 | D:1      | Reached XP level 3. HP: 32/33 MP: 3/3
   925 | D:2      | Reached XP level 4. HP: 40/40 MP: 4/4
  1713 | D:3      | Noticed Jessica
  1740 | D:3      | Killed Jessica
  1740 | D:3      | Reached skill level 4 in Axes
  1746 | D:3      | Found a deep blue altar of Sif Muna.
  1999 | D:3      | Reached XP level 5. HP: 46/46 MP: 5/5
  2108 | D:3      | Reached skill level 5 in Axes
  2515 | D:3      | Noticed Terence
  2523 | D:3      | Killed Terence
  2788 | D:3      | Found a sparkling altar of Nemelex Xobeh.
  2799 | D:4      | Noticed a sky beast
  2825 | D:4      | Killed a sky beast
  2825 | D:4      | Reached skill level 6 in Axes
  2825 | D:4      | Reached XP level 6. HP: 6/53 MP: 6/6
  3260 | D:4      | Found a hazy altar of Hepliaklqana.
  3491 | D:4      | Noticed a phantom
  3511 | D:4      | Killed a phantom
  3511 | D:4      | Reached skill level 5 in Fighting
  3511 | D:4      | Reached XP level 7. HP: 52/61 MP: 7/7
  3826 | D:4      | Reached skill level 5 in Armour
  3834 | D:4      | Noticed Eustachio
  3850 | D:4      | Killed Eustachio
  3850 | D:4      | Reached skill level 7 in Axes
  4089 | D:5      | Entered Level 5 of the Dungeon
  4140 | D:5      | Reached skill level 8 in Axes
  4150 | D:5      | Reached XP level 8. HP: 38/69 MP: 8/8
  4497 | D:5      | Found a deep blue altar of Sif Muna.
  4638 | D:5      | Reached skill level 9 in Axes
  4638 | D:5      | Reached skill level 5 in Shields
  4673 | D:5      | Noticed Ijyb
  4684 | D:5      | Killed Ijyb
  5017 | D:6      | Found a glowing golden altar of the Shining One.
  5264 | D:6      | Reached skill level 10 in Axes
  5317 | D:6      | HP: 1/71 [sky beast (7)]
  5318 | D:6      | Slain by a sky beast

Skill      XL: |  1  2  3  4  5  6  7  8 |
---------------+-------------------------+-----
Axes           | 3 4 6 8 10 | 10.4
Fighting       | 4 5 6 |  6.7
Shields        | 4 5 |  5.2
Armour         | 4 5 |  5.6

Action                   |  1- 3 |  4- 6 |  7- 9 || total
-------------------------+-------+-------+-------++-------
Melee: War axe           |    63 |   180 |   125 ||   368
Evoke: Wand              |       |       |     1 ||     1
  Use: Scroll            |       |       |     9 ||     9
       Potion            |       |       |     1 ||     1
  Eat: Chunk             |       |     8 |     6 ||    14
Armor: Scale mail        |    46 |    60 |     1 ||   107
       Ring mail         |       |    49 |       ||    49
       Leather armour    |       |       |    21 ||    21
       Robe              |       |       |    18 ||    18
Dodge: Dodged            |    34 |    90 |    57 ||   181
Block: Shield            |    46 |     1 |       ||    47
       Buckler           |       |    39 |    25 ||    64
